 Dungeon Crawl Stone Soup version 0.23.2 (webtiles) character file.

Game seed: 15658069144792930815

29343 Morbidden the Severer (level 13, -2/106 HPs)
             Began as a Formicid Fighter on Apr 6, 2019.
             Was a High Priest of Okawaru.
             Slain by an entropy weaver (14 damage)
             ... on level 5 of the Lair of Beasts.
             The game lasted 00:35:27 (12791 turns).

Morbidden the Severer (Formicid Fighter)           Turns: 12791, Time: 00:35:28

Health: -2/106     AC:  3    Str: 34    XL:     13   Next: 80%
Magic:  0/6        EV: 18    Int:  8    God:    Okawaru [*****.]
Gold:   811        SH: 22    Dex: 15    Spells: 12/12 levels left

rFire    . . .     SeeInvis +   d - +7 battleaxe "Sedumov" {antimagic, +Rage Str+3}
rCold    + . .     Gourm    .   H - +2 large shield {rN+}
rNeg     + . .     Faith    .   z - +1 chain mail "Cevad" {rPois}
rPois    +         Spirit   +   (helmet unavailable)
rElec    .         Reflect  .   c - +2 cloak {rC+}
rCorr    .         Harm     .   q - +0 pair of gloves
MR       +....                  (no boots)
Stlth    ..........             n - amulet of guardian spirit
HPRegen  0.27/turn              B - +4 ring of evasion
MPRegen  0.10/turn              D - +3 ring of protection

@: mighty, agile, corroded
A: permanent stasis, dig shafts and tunnels, four strong arms, antennae 3
a: Dig, Shaft Self, Heroism, Finesse, Renounce Religion


You were on level 5 of the Lair of Beasts.
You worshipped Okawaru.
Okawaru was extremely pleased with you.
You were not hungry.

You visited 3 branches of the dungeon, and saw 17 of its levels.
You also visited: Ice Cave.

You collected 1096 gold pieces.
You spent 285 gold pieces at shops.

Inventory:

Hand Weapons
 d - the +7 battleaxe "Sedumov" (weapon) {antimagic, +Rage Str+3}
   (You found it in an ice cave)

   It reduces the magical energy of the wielder, and disrupts the spells and
   magical abilities of those hit.
   Natural abilities and divine invocations are not affected.
   It affects your strength (+3).
   It lets you go berserk.
Armour
 c - a +2 cloak of cold resistance (worn)
 q - a +0 pair of gloves (worn)
 z - the +1 chain mail "Cevad" (worn) {rPois}
   (You bought it in a shop on level 8 of the Dungeon)

   It protects you from poison.
 H - a +2 large shield of positive energy (worn)
Jewellery
 n - an amulet of guardian spirit (around neck)
 B - a +4 ring of evasion (left hand)
 D - a +3 ring of protection (right hand)
Wands
 x - a wand of disintegration (10)
 y - a wand of paralysis (5)
 A - a wand of iceblast (17)
 J - a wand of digging (3)
Scrolls
 a - 2 scrolls of fear
 b - a scroll of fog
 e - 3 scrolls of identify
 g - a scroll of enchant armour
 i - 8 scrolls of remove curse
 l - 5 scrolls of amnesia
 v - a scroll of enchant weapon
Potions
 j - a potion of curing
 k - 4 potions of flight
 u - 4 potions of might
 E - a potion of agility
 G - 3 potions of brilliance
Miscellaneous
 h - a box of beasts
Comestibles
 f - 17 rations


   Skills:
 * Level 11.3 Fighting
 * Level 15.5 Axes
 + Level 7.2 Armour
 + Level 3.2 Dodging
 + Level 0.6 Stealth
 + Level 9.8 Shields
 - Level 8.0 Invocations
 + Level 1.0 Evocations


You had 12 spell levels left.
You didn't know any spells.
Your spell library contained the following spells:

 Spells                   Type           Power        Failure   Level  Hunger
 Confusing Touch          Hex            #.....       99%         1    ##.....
 Poisonous Vapours        Pois/Air       #.....       100%        2    ###....
 Confuse                  Hex            #.......     100%        3    ####...
 Conjure Flame            Conj/Fire      #.......     100%        3    ####...
 Gell's Gravitas          Tloc           #.........   100%        3    ####...
 Mephitic Cloud           Conj/Pois/Air  #.......     100%        3    ####...
 Petrify                  Tmut/Erth      #.......     100%        4    #####..
 Metabolic Englaciation   Hex/Ice        #.........   100%        5    ######.
 Yara's Violent Unravell  Hex/Tmut       #.........   100%        5    ######.
 Freezing Cloud           Conj/Ice/Air   #.........   100%        6    #######
 Ring of Flames           Chrm/Fire      #.........   100%        7    #######


Dungeon Overview and Level Annotations

Branches:
Dungeon (11/15)            Temple (1/1) D:5            Lair (6/6) D:10
    Orc (0/2) D:9
  Swamp: Lair:2-4    Shoals: Lair:2-4     Snake: Lair:2-4    Spider: Lair:2-4
  Slime: Lair:5-6

Altars:
Ashenzari
Cheibriados
Dithmenos
Elyvilon
Fedhas
Gozag
Hepliaklqana
Kikubaaqudgha
Nemelex Xobeh
Okawaru
Uskayaw
Vehumet
Wu Jian
The Shining One

Shops:
D:8 [

Annotations:
D:2 1 runed translucent door, Crazy Yiuf
D:7 exclusion: ice statue
D:10 1 exclusion


Innate Abilities, Weirdness & Mutations

You cannot be hasted, slowed, berserked, paralysed or teleported.
You can dig through walls and to a lower floor.
Your four strong arms can wield two-handed weapons with a shield.
You have a pair of large antennae on your head. (SInv)


Message History

The entropy weaver falters for a moment.
Unknown command.
Unknown command.
You hit the entropy weaver.
The entropy weaver's magic leaks into the air.
The entropy weaver is heavily wounded.
The entropy weaver hits you but does no damage.
You block the entropy weaver's attack. x2; The entropy weaver hits you.
* * * LOW HITPOINT WARNING * * *
Unknown command.
Unknown command.
Unknown command.
Unknown command.
Evoke which item? (* to show all) (? for menu, Esc to quit)
You open the lid... ...and a larval stingbat beast flies out!
You block the entropy weaver's attack. x2; The entropy weaver hits you!
* * * LOW HITPOINT WARNING * * *
The entropy weaver hits you!
You die...

...♣ ...♣ .#.##.
..... .#.!...
..... #.)....
...... #.....{
#...... .
#....{##H......
.#.a{{##@#......
..##aaa##......
#.##a#{#...... #
#.##{#......♣
... #..a.......♣
....#..........♣
#....†......♣
#.#..>.†.....♣
...##..........


You could see an entropy weaver, 3 soldier ants and a friendly larval stingbat
beast.

Vanquished Creatures
  A frost giant (IceCv)
  An entropy weaver (Lair:5)
  2 hydras
  A queen ant (Lair:5)
  An unseen horror (D:10)
  Pikel (D:7)
  An ugly thing (D:11)
  A cyclops (D:11)
  A black mamba (Lair:6)
  2 ice statues (IceCv)
  4 spiny frogs
  2 komodo dragons (Lair:1)
  17 polar bears
  Grinder (D:5)
  3 hornets
  6 blink frogs
  3 hippogriffs
  7 dream sheep (Lair:4)
  Sigmund (D:2)
  A vampire (D:10)
  A wraith (D:10)
  2 wyverns
  31 yaks
  A basilisk (Lair:1)
  A vampire mosquito (Lair:6)
  A hungry ghost (D:9)
  6 soldier ants
  2 water moccasins
  3 porcupines
  10 ice beasts
  6 orc warriors
  A sky beast (D:7)
  5 ogres
  2 black bears (D:9)
  7 wolves (IceCv)
  6 centaurs
  2 big kobolds
  3 crocodiles
  10 bullfrogs
  A wyvern skeleton (D:7)
  10 killer bees
  5 wights (D:9)
  6 crimson imps
  A bullfrog zombie (D:8)
  3 centaur skeletons
  2 hounds
  4 jellies
  6 orc priests
  11 orc wizards
  2 bullfrog skeletons
  Jessica (D:2)
  4 iguanas
  Natasha (thrice) (D:2)
  22 worker ants
  A hound zombie (D:6)
  A worker ant zombie (D:9)
  Robin (D:3)
  2 howler monkey zombies
  3 gnolls (D:3)
  10 adders
  A shadow imp (D:8)
  4 oozes
  An adder zombie (D:9)
  4 worms
  5 dart slugs
  8 leopard geckos
  37 orcs
  8 bats
  7 giant cockroaches
  14 goblins
  7 hobgoblins
  18 jackals
  3 quokkas
  2 ball pythons
  5 frilled lizards
  13 kobolds
  5 rats
  2 plants
400 creatures vanquished.

Vanquished Creatures (others)
  A slave (D:7)
  A fungus (Lair:6)
  18 plants (Lair:6)
20 creatures vanquished.

Grand Total: 420 creatures vanquished

Notes
Turn   | Place    | Note
-------+----------+-------------------------------------------
     0 | D:1      | Morbidden the Formicid Fighter began the quest for the Orb.
     0 | D:1      | Reached XP level 1. HP: 18/18 MP: 1/1
    95 | D:1      | Reached XP level 2. HP: 24/24 MP: 2/2
   159 | D:1      | Reached XP level 3. HP: 20/29 MP: 3/3
   520 | D:1      | Reached skill level 3 in Axes
   664 | D:2      | Reached XP level 4. HP: 37/37 MP: 4/4
   705 | D:2      | Noticed Sigmund
   722 | D:2      | Killed Sigmund
   722 | D:2      | Reached skill level 4 in Axes
   722 | D:2      | Reached XP level 5. HP: 24/42 MP: 5/5
   722 | D:2      | Reached XP level 6. HP: 27/48 MP: 6/6
   816 | D:2      | Noticed Jessica
   825 | D:2      | Killed Jessica
   825 | D:2      | Reached skill level 5 in Axes
   896 | D:2      | Noticed Natasha
   914 | D:2      | Killed Natasha
  1303 | D:2      | Noticed Natasha
  1310 | D:2      | Killed Natasha
  1344 | D:2      | Noticed Natasha
  1349 | D:2      | Killed Natasha
  1723 | D:2      | Found a runed translucent door.
  1724 | D:2      | Noticed Crazy Yiuf
  1763 | D:3      | Noticed Robin
  1772 | D:3      | Reached XP level 7. HP: 54/55 MP: 5/7
  1779 | D:3      | Killed Robin
  2198 | D:3      | Found a glowing golden altar of the Shining One.
  2500 | D:4      | Reached skill level 6 in Axes
  3141 | D:5      | Entered Level 5 of the Dungeon
  3349 | D:5      | Reached skill level 5 in Fighting
  3356 | D:5      | Found a staircase to the Ecumenical Temple.
  3376 | Temple   | Entered the Ecumenical Temple
  3406 | Temple   | Became a worshipper of Warmaster Okawaru
  3614 | D:5      | Noticed Grinder
  3625 | D:5      | Killed Grinder
  3625 | D:5      | Reached skill level 1 in Dodging
  3625 | D:5      | Reached skill level 5 in Shields
  3625 | D:5      | Reached skill level 1 in Invocations
  3625 | D:5      | Reached XP level 8. HP: 37/62 MP: 4/8
  3662 | D:5      | Identified the +7 quarterstaff of Piuzxanlip {drain, rF+
                  | Dex+3} (You found it on level 5 of the Dungeon)
  3749 | D:6      | Reached skill level 7 in Axes
  4199 | D:6      | Reached * piety under Okawaru
  4603 | D:7      | Reached XP level 9. HP: 45/69 MP: 7/10
  4606 | D:7      | Got a polished whip
  4607 | D:7      | Identified the +8 whip of Disgust {vamp, Str+2 Int+4 Dex-2
                  | Stlth+} (You found it on level 7 of the Dungeon)
  4655 | D:7      | Reached skill level 8 in Axes
  4800 | D:7      | Noticed Pikel
  4820 | D:7      | Killed Pikel
  4820 | D:7      | Reached skill level 9 in Axes
  5271 | D:7      | Noticed an ice statue
  5591 | D:8      | Reached ** piety under Okawaru
  5639 | D:8      | Noticed a two-headed ogre
  5776 | D:8      | Noticed a hornet
  5777 | D:8      | Noticed a hornet
  5783 | D:8      | Killed a hornet
  5783 | D:8      | Reached XP level 10. HP: 65/77 MP: 8/13
  5787 | D:8      | Reached skill level 10 in Axes
  5846 | D:8      | Found Xamorupa's Antique Armour Boutique.
  5889 | D:8      | Bought a polished chain mail for 285 gold pieces
  5889 | D:8      | Identified the +1 chain mail "Cevad" {rPois} (You bought it
                  | in a shop on level 8 of the Dungeon)
  6197 | D:8      | You fall through a shaft for 3 floors!
  6203 | D:11     | Noticed a cyclops
  6214 | D:11     | Killed a cyclops
  6214 | D:11     | Reached skill level 5 in Armour
  6214 | D:11     | Reached skill level 5 in Invocations
  6374 | D:11     | Reached *** piety under Okawaru
  6473 | D:11     | Reached skill level 11 in Axes
  6653 | D:11     | Reached **** piety under Okawaru
  6812 | D:11     | Noticed a green ugly thing
  6829 | D:11     | Killed a green ugly thing
  6829 | D:11     | Reached XP level 11. HP: 36/86 MP: 8/15
  7117 | D:10     | Entered Level 10 of the Dungeon
  7261 | D:10     | Noticed an unseen horror
  7284 | D:10     | Killed an unseen horror
  7597 | D:10     | Reached skill level 12 in Axes
  7843 | D:10     | Reached ***** piety under Okawaru
  7850 | D:10     | Found a staircase to the Lair.
  8143 | D:9      | Noticed a four-headed hydra
  8153 | D:9      | Killed a five-headed hydra
  8156 | D:9      | Received a gift from Okawaru
  8388 | D:9      | Found an opulent altar of Gozag.
  8487 | D:9      | Found a staircase to the Orcish Mines.
  9009 | D:8      | Found a white marble altar of Elyvilon.
  9082 | Lair:1   | Entered Level 1 of the Lair of Beasts
  9094 | Lair:1   | Reached XP level 12. HP: 58/95 MP: 10/17
  9136 | Lair:1   | Reached skill level 13 in Axes
  9228 | Lair:1   | Noticed a four-headed hydra
  9236 | Lair:1   | Killed a four-headed hydra
  9298 | Lair:1   | Found a frozen archway.
  9319 | IceCv    | Entered an ice cave
  9560 | IceCv    | Reached skill level 10 in Fighting
  9588 | IceCv    | Reached skill level 14 in Axes
 10623 | IceCv    | Reached XP level 13. HP: 30/104 MP: 5/19
 11122 | IceCv    | Noticed a frost giant
 11148 | IceCv    | Killed a frost giant
 11148 | IceCv    | Received a gift from Okawaru
 11148 | IceCv    | Reached skill level 1 in Evocations
 11215 | IceCv    | Got a pitted battleaxe
 11217 | IceCv    | Identified the +7 battleaxe "Sedumov" {antimagic, +Rage
                  | Str+3} (You found it in an ice cave)
 12269 | Lair:2   | You fall through a shaft for 2 floors!
 12332 | Lair:4   | Reached skill level 15 in Axes
 12523 | Lair:4   | Noticed a seven-headed hydra
 12530 | Lair:4   | You fall through a shaft for 2 floors!
 12530 | Lair:6   | Entered Level 6 of the Lair of Beasts
 12751 | Lair:5   | Noticed an entropy weaver
 12752 | Lair:5   | Noticed an entropy weaver
 12774 | Lair:5   | Killed an entropy weaver
 12774 | Lair:5   | Received a gift from Okawaru
 12791 | Lair:5   | Slain by an entropy weaver

Skill      XL: |  1  2  3  4  5  6  7  8  9 10 11 12 13 |
---------------+----------------------------------------+-----
Axes           | 3 4 5 6 7 9 11 12 14 15 | 15.5
Fighting       | 4 5 6 7 9 10 11 | 11.3
Shields        | 4 5 6 7 8 9 |  9.8
Armour         | 4 5 6 7 |  7.2
Dodging        | 1 2 3 |  3.2
Invocations    | 1 2 4 5 7 8 |  8.0
Evocations     | 1 |  1.0
Stealth        | |  0.6

Action                   |  1- 3 |  4- 6 |  7- 9 | 10-12 | 13-15 || total
-------------------------+-------+-------+-------+-------+-------++-------
Melee: War axe           |    83 |   102 |   157 |       |       ||   342
       Broad axe         |       |       |   244 |   609 |    62 ||   915
       Battleaxe         |       |       |       |       |   126 ||   126
Invok: Heroism           |       |       |     3 |     8 |     3 ||    14
       Finesse           |       |       |       |     4 |     2 ||     6
 Abil: Dig               |       |       |       |       |     1 ||     1
       Shaft Self        |       |       |       |       |     1 ||     1
Evoke: Wand              |       |       |     2 |    13 |     2 ||    17
       Box of beasts     |       |       |       |       |     1 ||     1
  Use: Potion            |       |     1 |       |     7 |    14 ||    22
       Scroll            |       |     3 |    11 |    10 |     6 ||    30
  Eat: Chunk             |       |     2 |     8 |     9 |     2 ||    21
       Ration            |       |     1 |     1 |     4 |     1 ||     7
Armor: Chain mail        |    38 |    50 |   204 |   229 |    76 ||   597
       Scale mail        |     1 |       |       |       |       ||     1
       Skin              |       |       |       |       |    11 ||    11
Dodge: Dodged            |    28 |    30 |   115 |   194 |    72 ||   439
Block: Shield            |    38 |    60 |   250 |   174 |       ||   522
       Large shield      |       |       |       |   338 |   227 ||   565
